 Dungeon Crawl Stone Soup version 0.28.0-45-g0d030f2227 (webtiles) character file.

Game seed: 18124443394647021111

10657 jimonade the Thaumaturge (level 11, -1/76 HPs)
             Began as a Djinni Ice Elementalist on Apr 8, 2022.
             Was a Believer of Makhleb.
             Slain by an orc warlord
             ... wielding a +0 great sword of holy wrath
              (28 damage)
             ... in a bailey.
             The game lasted 01:10:10 (14932 turns).

jimonade the Thaumaturge (Djinni Ice Elementalist) Turns: 14932, Time: 01:10:10

Health: -1/76      AC: 18    Str:  4    XL:     11   Next: 97%
Gold:   394        EV: 13    Int: 20    God:    Makhleb [**....] SH:  0 Dex: 13

rFire   + + .      SeeInvis .   z - +7 hand axe of Punishment {speed, rPois rC+ rCorr Str-5}
rCold   . . .      Faith    .   (no shield)
rNeg    . . .      Spirit   .   Y - +4 ring mail
rPois   ∞          Reflect  .   o - +0 helmet
rElec   .          Harm     .   M - scarf {shadows}
rCorr   +          Rampage  .   H - +1 pair of gloves
Will    +....                   (boots unavailable)
Stlth   +.........              (no amulet)
HPRegen 0.22/turn               A - +4 ring of evasion
MPRegen 0.00/turn               (no ring)

@: ice-armoured, freezing walls, flying, hasted, invisible, very quick
A: sickness immunity, fire resistance 2, cold vulnerability 1, float, innate
caster, HP casting, extra vitality 1
a: Renounce Religion, Minor Destruction


You were in a bailey.
You worshipped Makhleb.
Makhleb was pleased with you.
You visited 2 branches of the dungeon, and saw 11 of its levels.
You also visited: Bailey.

You collected 394 gold pieces.

Inventory:

Hand Weapons
 h - a +1 whip of venom
 k - a +0 hunting sling
 x - the +1 dagger of the Spectre {elec, rC+}
   (You found it on level 3 of the Dungeon)

   It occasionally discharges a powerful burst of electricity upon striking a
   foe.
   rC:        It protects you from cold.
 z - the +7 hand axe of Punishment (weapon) {speed, rPois rC+ rCorr Str-5}
   (You found it on level 4 of the Dungeon)

   Attacks with this weapon are significantly faster.
   Str:       It affects your strength (-5).
   rC:        It protects you from cold.
   rPois:     It protects you from poison.
   rCorr:     It protects you from acid and corrosion.
 D - a +1 dagger of speed
 V - a +2 vorpal shortbow
Missiles
 d - 103 bolts
 l - 99 stones
 m - 159 sling bullets
 r - 4 throwing nets
 u - 27 poisoned darts
 y - 3 silver javelins
 I - 7 javelins
 J - 128 arrows
 R - 6 atropa-tipped darts
 S - 10 boomerangs
Armour
 a - a +0 robe
 c - a +3 ring mail of fire resistance
 o - a +0 helmet (worn)
 w - a +1 pair of gloves
 F - an orb of wrath
 H - a +1 pair of gloves (worn)
 M - a scarf of shadows (worn)
 U - +0 steam dragon scales
 Y - a +4 ring mail (worn)
Magical Staves
 P - a staff of conjuration
Jewellery
 A - a +4 ring of evasion (left hand)
 X - the amulet of Ru's Castigation {RegenMP -Tele rCorr Int+2}
   (You took it off a goblin in a bailey)

   [amulet of magic regeneration]

   It increases your rate of magic regeneration.
   Int:       It affects your intelligence (+2).
   -Tele:     It prevents most forms of teleportation.
   rCorr:     It protects you from acid and corrosion.
Wands
 b - a wand of polymorph (18)
 N - a wand of acid (1)
 W - a wand of flame (4)
Scrolls
 e - 2 scrolls of enchant armour
 f - 2 scrolls of immolation {unknown}
 g - 3 scrolls of vulnerability {unknown}
 j - 2 scrolls of fog {unknown}
 n - 2 scrolls of enchant weapon {unknown}
 p - 2 scrolls of noise {unknown}
 s - 6 scrolls of identify
 t - a scroll of brand weapon {unknown}
 E - 2 scrolls of blinking {unknown}
 K - 3 scrolls of teleportation {unknown}
 L - 2 scrolls of holy word {unknown}
 T - a scroll of torment {unknown}
Potions
 i - 5 potions of curing
 q - 2 potions of mutation
 v - a potion of invisibility
 B - a potion of brilliance {unknown}
 C - a potion of might
 G - a potion of haste
 O - a potion of magic {unknown}
 Q - a potion of degeneration {unknown}
 Z - a potion of flight {unknown}


   Skills:
 * Level 6.0 Fighting
 + Level 0.6 Short Blades
 + Level 4.8 Axes
 - Level 0.2(2.9) Maces & Flails
 + Level 0.1 Throwing
 + Level 1.7 Armour
 + Level 4.2 Dodging
 - Level 1.5 Stealth
 * Level 12.3 Spellcasting


You had 9 spell levels left.
You knew the following spells:

 Your Spells              Type           Power      Damage    Failure   Level
a - Freeze                Ice            100%       1d11      1%          1
b - Frozen Ramparts       Ice            100%       1d12      1%          3
c - Ozocubu's Armour      Ice            57%        N/A       1%          3
d - Hailstorm             Conj/Ice       57%        3d12      1%          4
e - Slow                  Hex            100%       N/A       1%          1
f - Corpse Rot            Necr/Air       100%       N/A       1%          2
g - Vampiric Draining     Necr           57%        2d10      1%          3
h - Flame Wave            Conj/Fire      57%        2d11      1%          4
i - Passage of Golubria   Tloc           57%        N/A       1%          4
Your spell library was empty.

Dungeon Overview and Level Annotations

Branches:
Dungeon (10/15)            Temple (1/1) D:6          Bailey (1/1)
   Lair: D:8-11         Orc: D:9-12

Altars:
Ashenzari
Cheibriados
Dithmenos
Elyvilon
Fedhas
Gozag
Hepliaklqana
Kikubaaqudgha
Makhleb
Nemelex Xobeh
Okawaru
Qazlal
Ru
Sif Muna
Trog
Uskayaw
Vehumet
Wu Jian
Xom
Yredelemnul
Zin
The Shining One

Annotations:
D:7 1 exclusion


Innate Abilities, Weirdness & Mutations

You are immune to sickness and miasma.
You are immune to poison.
Your flesh is very heat resistant. (rF++)
You are vulnerable to cold. (rC-)
You float through the air rather than walking.
You learn spells naturally, not from books.
Your magical power is your life essence.
You have superior vitality. (+4 MHP)


Message History

Here: an orc warlord, wielding a +0 great sword of holy wrath and wearing a +3 chain mail of poison resistance (lightly wounded)
Items here: )) [[ ÷.
The floor.
Unknown command.
Aiming: Corrosive Bolt
Press: ? - help, Shift-Dir - straight line, f - orc warlord
Aim: an orc warlord, wielding a +0 great sword of holy wrath and wearing a +3 chain mail of poison resistance (lightly wounded, 79% to hit)
The bolt of acid hits the orc warlord!
The orc warlord is lightly wounded.
The frozen ramparts melt away.
Unknown command.
Unknown command.
Press: ? - help, v - describe, . - travel, g - get item
Here: an orc warlord, wielding a +0 great sword of holy wrath and wearing a +3 chain mail of poison resistance (lightly wounded)
Items here: $ )))) [[[[ †.
The floor.
Unknown command.
Unknown command.
Press: ? - help, v - describe, . - travel, g - get item
Here: an orc warlord, wielding a +0 great sword of holy wrath and wearing a +3 chain mail of poison resistance (lightly wounded)
Items here: $ )))) [[[[ †.
The floor.
Unknown command.
Okay, then.
Unknown command.
You fade into invisibility!
The orc warlord misses you.
You feel yourself speed up.
The orc warlord hits you with a +0 great sword of holy wrath!
Casting: Flame Wave (dangerous; 1% risk of failure)
Confirm with . or Enter, or press ? or * to list all spells.
Casting: Frozen Ramparts (safe; 1% risk of failure)
Press: ? - help, Dir - look around, f - activate An open door.
The walls around you are covered in ice.
Casting: Frozen Ramparts (safe; 1% risk of failure)
Confirm with . or Enter, or press ? or * to list all spells.
Your icy armour thickens.
The wall freezes the orc warlord!
The orc warlord hits you with a +0 great sword of holy wrath!!
You die...

###.....### ###...
##.........###.....
#...........#......
#........)))'......
#.....⌠...).#.....⌠
#........).)#......
#...........#......
###.........###.....
###.#@#.....###
###... #...)o###.###
###. !.....)).### ##
!..).....8# #
.........8# #
....⌠.....'. #
.........8#.. #
?........8##. # ##


You could see an orc warlord.

Vanquished Creatures
  Harold (D:8)
  2 two-headed ogres
  Maggie (D:6)
  Joseph (D:7)
  2 trolls
  6 slime creatures (D:9)
  A vampire (D:9)
  3 wyverns
  Sigmund (D:3)
  4 yaks (D:8)
  2 steam dragons
  An acid dragon (D:9)
  A water moccasin (D:6)
  Duvessa (D:4)
  16 orc warriors
  2 sky beasts
  A black bear (D:2)
  A necrophage (D:6)
  2 ice beasts
  2 ogres (D:5)
  4 centaurs
  3 phantoms
  Blork the orc (D:6)
  3 kobold brigands
  2 bullfrogs
  A wyvern zombie (D:4)
  3 scorpions
  A wyvern skeleton (D:6)
  A water moccasin skeleton (D:7)
  Dowan (D:4)
  A wight (D:7)
  3 howler monkeys
  A centaur zombie (D:9)
  A bullfrog skeleton (D:7)
  5 hounds
  A jelly (D:4)
  A centaur skeleton (D:7)
  2 gnoll shamans
  9 orc wizards
  A scorpion zombie (D:5)
  Natasha (twice) (D:2)
  4 iguanas
  A killer bee zombie (D:7)
  A howler monkey zombie (D:6)
  Robin (D:2)
  21 gnolls
  A howler monkey skeleton (D:7)
  8 adders
  3 shadow imps
  A white imp (D:6)
  2 ufetubi
  An adder skeleton (D:5)
  A worm (D:2)
  5 dart slugs
  30 orcs
  5 endoplasms
  A giant cockroach (D:4)
  32 goblins
  11 hobgoblins
  2 jackals (D:4)
  2 quokkas
  2 ball pythons
  3 bats
  2 frilled lizards (D:1)
  13 kobolds
  3 rats
254 creatures vanquished.

Vanquished Creatures (others)
  An orc (D:10)
1 creature vanquished.

Grand Total: 255 creatures vanquished

Notes
Turn   | Place    | Note
-------+----------+-------------------------------------------
     0 | D:1      | jimonade the Djinni Ice Elementalist began the quest for
                  | the Orb.
     0 | D:1      | Reached XP level 1. HP: 15/15 MP: 0/0
   316 | D:1      | Reached XP level 2. HP: 20/21 MP: 0/0
   754 | D:1      | Found a faded altar of an unknown god.
  1192 | D:2      | Noticed Robin
  1335 | D:2      | Reached XP level 3. HP: 17/26 MP: 0/0
  1335 | D:2      | Learned a level 1 spell: Slow
  1599 | D:2      | Noticed a black bear
  1621 | D:2      | Reached skill level 4 in Spellcasting
  1630 | D:2      | Killed Robin
  1636 | D:2      | Reached XP level 4. HP: 17/31 MP: 0/0
  2271 | D:2      | Noticed Natasha
  2279 | D:2      | Killed Natasha
  2280 | D:2      | Noticed Natasha
  2291 | D:2      | Killed Natasha
  2292 | D:2      | Reached XP level 5. HP: 31/36 MP: 0/0
  2292 | D:2      | Learned a level 2 spell: Corpse Rot
  2423 | D:2      | Killed a black bear
  2424 | D:2      | Reached skill level 1 in Fighting
  2424 | D:2      | Reached skill level 5 in Spellcasting
  2424 | D:2      | Reached XP level 6. HP: 33/42 MP: 0/0
  2733 | D:3      | Found a bloodstained altar of Trog.
  3076 | D:3      | Noticed Sigmund
  3103 | D:3      | Killed Sigmund
  3104 | D:3      | Reached skill level 6 in Spellcasting
  3104 | D:3      | Reached XP level 7. HP: 30/47 MP: 0/0
  3104 | D:3      | Learned a level 3 spell: Vampiric Draining
  3445 | D:3      | Identified the +1 dagger of the Spectre {elec, rC+}
  3587 | D:3      | Found a basalt altar of Yredelemnul.
  3637 | D:4      | Noticed Duvessa
  3637 | D:4      | Noticed Dowan
  3752 | D:4      | Identified the +7 hand axe of Punishment {speed, rPois rC+
                  | rCorr Str-5}
  4502 | D:4      | Reached XP level 8. HP: 42/54 MP: 0/0
  5085 | D:4      | Killed Duvessa
  5086 | D:4      | Reached skill level 1 in Axes
  5086 | D:4      | Reached skill level 7 in Spellcasting
  5098 | D:4      | Killed Dowan
  5236 | D:5      | Entered Level 5 of the Dungeon
  5924 | D:5      | Reached XP level 9. HP: 43/59 MP: 0/0
  5924 | D:5      | Learned a level 4 spell: Flame Wave
  5928 | D:5      | Reached skill level 1 in Armour
  6327 | D:5      | Found a snail-covered altar of Cheibriados.
  6662 | D:5      | Reached skill level 8 in Spellcasting
  6875 | D:5      | Found a sparkling altar of Nemelex Xobeh.
  6948 | D:6      | Noticed Maggie
  7004 | D:6      | Noticed Blork the orc
  7007 | D:6      | Killed Blork the orc
  7733 | D:6      | Found a staircase to the Ecumenical Temple.
  7742 | Temple   | Entered the Ecumenical Temple
  7885 | Temple   | Became a worshipper of Makhleb the Destroyer
  8125 | D:6      | Killed Maggie
  8126 | D:6      | Reached skill level 9 in Spellcasting
  8135 | D:6      | Reached XP level 10. HP: 33/67 MP: 0/0
  8496 | D:7      | Noticed Joseph
  8502 | D:7      | Killed Joseph
  9886 | D:7      | Noticed a two-headed ogre
  9893 | D:7      | Killed a two-headed ogre
  9894 | D:7      | Reached skill level 10 in Spellcasting
 10479 | D:8      | Reached * piety under Makhleb
 10862 | D:8      | Reached skill level 5 in Fighting
 11173 | D:8      | Reached XP level 11. HP: 52/75 MP: 0/0
 11173 | D:8      | Learned a level 4 spell: Passage of Golubria
 11611 | D:8      | Noticed Harold
 11626 | D:8      | Killed Harold
 11627 | D:8      | Reached skill level 11 in Spellcasting
 13215 | D:9      | Noticed a two-headed ogre
 13224 | D:9      | Killed a two-headed ogre
 14114 | D:10     | Entered Level 10 of the Dungeon
 14157 | D:10     | Reached skill level 12 in Spellcasting
 14225 | D:10     | Found a flagged portal.
 14243 | Bailey   | Entered a bailey
 14360 | Bailey   | Reached ** piety under Makhleb
 14816 | Bailey   | Identified the amulet of Ru's Castigation {RegenMP -Tele
                  | rCorr Int+2}
 14921 | Bailey   | Noticed an orc warlord
 14932 | Bailey   | Slain by an orc warlord

Illustrated notes

Levels and vault maps discovered:
D:1:      minmay_arrival_hallway, layout_basic, basic_ecumenical_altar,
          minivault_25
D:2:      layout_loops_ring, uniq_natasha, uniq_robin
D:3:      layout_basic, mainiacjoe_overflow_catch_the_wave,
          guppyfry_early_lair_pool, uniq_sigmund
D:4:      layout_gridville, st_stairs_9, uniq_duvessa
D:5:      layout_basic, nemelex_dance_club_becter, kennysheep_slug_shrine
D:6:      layout_cave_pools, minmay_temple_entry_antechambers,
          minmay_misc_feat_square, uniq_blork_the_orc, uniq_maggie
D:7:      wad_river_or_something, layout_basic, uniq_joseph
D:8:      layout_layer_cave, nicolae_straight_to_the_point, uniq_harold
D:9:      layout_basic
D:10:     layout_gridville, dpeg_lair_monsters, enter_bailey_5,
          serial_bayou_crossing, uniq_urug
Temple:   regret_index_temple_mists
Bailey:   bailey_axe_minmay_hex_keep, bailey

Skill      XL: |  1  2  3  4  5  6  7  8  9 10 11 |
---------------+----------------------------------+-----
Spellcasting   | 4 5 6 7 9 10 12 | 12.3
Fighting       | 1 2 3 5 6 |  6.0
Axes           | 2 3 4 |  4.8
Armour         | 1 |  1.7
Dodging        | 3 4 |  4.2
Short Blades   | |  0.6
Maces & Flails | |  0.2
Throwing       | |  0.1
Stealth        | |  1.5

Action                   |  1- 3 |  4- 6 |  7- 9 | 10-12 || total
-------------------------+-------+-------+-------+-------++-------
Melee: Dagger            |     3 |       |     4 |       ||     7
       Punch             |     1 |       |     3 |     2 ||     6
       Whip              |       |    14 |     5 |       ||    19
       Hand axe          |       |       |   143 |    97 ||   240
Throw: Stone             |       |       |     2 |     2 ||     4
 Cast: Freeze            |    34 |    10 |     6 |       ||    50
       Frozen Ramparts   |     2 |     6 |    34 |    50 ||    92
       Ozocubu's Armour  |       |     3 |    16 |    34 ||    53
       Corpse Rot        |       |     1 |       |       ||     1
       Vampiric Draining |       |       |     2 |       ||     2
       Hailstorm         |       |       |     3 |       ||     3
       Flame Wave        |       |       |    14 |    45 ||    59
       Passage of Golubr |       |       |       |     1 ||     1
Evoke: Wand              |       |       |       |     1 ||     1
  Use: Scroll            |       |       |     6 |       ||     6
       Potion            |       |       |       |     2 ||     2
 Stab: Sleeping          |       |     2 |     3 |       ||     5
Armor: Robe              |     5 |     4 |    20 |       ||    29
       Leather armour    |       |       |    26 |       ||    26
       Steam dragon scal |       |       |       |    36 ||    36
       Ring mail         |       |       |       |     1 ||     1
Dodge: Dodged            |    17 |    21 |   107 |   127 ||   272
